 Dungeon Crawl Stone Soup version 0.31.0-11-ge490571c62 (webtiles) character file.

Game seed: 13055861611822701564

4235 Amaterasu the Chopper (level 10, -2/71 (76) HPs)
             Began as a Demonspawn Shapeshifter on Jan 28, 2024.
             Was a Follower of Makhleb.
             Slain by Gastronok (26 damage)
             ... on level 8 of the Dungeon.
             The game lasted 00:13:25 (6943 turns).

Amaterasu the Chopper (Demonspawn Shapeshifter)     Turns: 6943, Time: 00:13:26

HP:   -2/71 (76)    AC:  9    Str: 16    XL:     10   Next: 9%
MP:   10/10         EV:  8    Int: 13    God:    Makhleb [*.....]
Gold: 529           SH:  0    Dex: 13    Spells: 9/9 levels left

rFire   . . .        o - +11 hand axe of Kexourof {drain, rC+ rN+}
rCold   + . .        (no shield)
rNeg    + . .        q - +0 chain mail
rPois   .            (helmet currently unavailable)
rElec   .            (cloak currently unavailable)
rCorr   .            (gloves currently unavailable)
SInv    .            (boots currently unavailable)
Will    .....        (no amulet) Stlth
                     (no ring)
HPRegen 0.31/turn    (no ring)
MPRegen 0.12/turn

%: no passive effects
@: beast-form, drained
A: beast (slay +4), antennae 2, foul stench 2, powered by pain 1
a: Begin Untransformation, Renounce Religion


You were on level 8 of the Dungeon.
You worshipped Makhleb.
Makhleb was aware of your devotion.
You were a hulking beast.
You visited 2 branches of the dungeon, and saw 9 of its levels.
You also visited: Sewer.

You collected 529 gold pieces.

Inventory:

Hand Weapons
 e - a +2 dagger of venom
 o - the +11 hand axe of Kexourof (weapon) {drain, rC+ rN+}
   (You found it on level 3 of the Dungeon)

   rC+:       It protects you from cold.
   rN+:       It protects you from negative energy.
Missiles
 r - a throwing net (quivered)
 s - 3 javelins
Armour
 a - a +0 pair of boots
 i - a +0 ring mail
 q - a +0 chain mail (worn)
 x - a +0 cloak
Jewellery
 g - an amulet of faith
 n - a ring of ice
 u - an amulet of reflection
Talismans
 c - a beast talisman
 d - a flux talisman
 j - a blade talisman
Wands
 h - a wand of light (5)
 y - a wand of flame (17)
Scrolls
 l - 2 scrolls of fog
 m - 2 scrolls of poison
 p - 2 scrolls of identify
 v - a scroll of vulnerability
Potions
 b - 4 potions of curing
 f - 2 potions of magic
 k - 3 potions of enlightenment
 t - 4 potions of heal wounds
 w - a potion of attraction


   Skills:
 * Level 5.9 Fighting
 - Level 2.8 Short Blades
 * Level 7.7 Axes
 - Level 4.0 Armour
 - Level 4.0 Dodging
 - Level 2.9 Unarmed Combat
 - Level 7.0 Shapeshifting


You had 9 spell levels left.
You didn't know any spells.
Your spell library contained the following spells:

 Spells                   Type           Power      Damage    Failure   Level
 Summon Small Mammal      Summ           0%         N/A       98%         1
 Ensorcelled Hibernation  Hex/Ice        0%         N/A       99%         2
 Jinxbite                 Hex            0%         N/A       99%         2
 Call Canine Familiar     Summ           0%         N/A       100%        3
 Dazzling Flash           Conj/Hex       0%         N/A       100%        3
 Mephitic Cloud           Conj/Alch/Air  0%         N/A       100%        3
 Passwall                 Erth           0%         N/A       100%        3
 Swiftness                Air            0%         N/A       100%        3
 Tukima's Dance           Hex            0%         N/A       100%        3
 Passage of Golubria      Tloc           0%         N/A       100%        4
 Summon Blazeheart Golem  Fire/Summ      0%         N/A       100%        4
 Curse of Agony           Necr           0%         N/A       100%        5
 Silence                  Hex/Air        0%         N/A       100%        5
 Yara's Violent Unravell  Hex/Alch       0%         3d3       100%        5
 Enfeeble                 Hex            0%         N/A       100%        7
 Haunt                    Necr/Summ      0%         N/A       100%        7
 Borgnjor's Revivificati  Necr           0%         N/A       100%        8
 Death's Door             Necr           0%         N/A       100%        9


Dungeon Overview and Level Annotations

Branches:
Dungeon (8/15)             Temple (1/1) D:4           Sewer (visited)
   Lair: D:8-11

Altars:
Ashenzari
Cheibriados
Dithmenos
Fedhas
Gozag
Hepliaklqana
Kikubaaqudgha
Makhleb
Nemelex Xobeh
Okawaru
Qazlal
Ru
Sif Muna
Trog
Uskayaw
Vehumet
Wu Jian
Xom
Yredelemnul

Shops:
D:8 !

Annotations:
D:3 2 transporters, shadizar's ghost, amateur DjFE
D:7 2 transporters, shugdite's ghost, novice MiBe
D:8 Gastronok


Innate Abilities, Weirdness & Mutations

You are a hulking beast.
Your limbs bulge with bestial killing power. (Slay +4)
You have a pair of antennae on your head.
You sometimes emit foul miasma when damaged in melee.
You sometimes gain a little power by taking damage.


Message History

Items here: ))) [[[.
Things that are here:
a +5 morningstar; a +0 robe
Items here: ))) [[[.
You hear the steady creaking of a very distant portcullis.
You now have 529 gold pieces (gained 15).
Okay, then.
Found a stone staircase leading up.
An orc comes into view. It is wielding a +0 hand axe.
The orc shouts!
Found a scroll of identify.
You slice the orc!!
You kill the orc!
Makhleb accepts your kill.
p - 2 scrolls of identify (gained 1)
Found 18 gold pieces.
Gastronok the Ponderous comes into view.
He is wearing a +2 hat of intelligence.
Found 11 gold pieces.
Gastronok gurgles horribly!
Found a dented cabochon amulet.
You completely miss Gastronok. You slash Gastronok! You drain Gastronok.
Gastronok is lightly wounded.
You slash Gastronok!
Gastronok is lightly wounded.
Gastronok bites you!
You hit Gastronok. You drain Gastronok.
Gastronok is lightly wounded.
You hit Gastronok. You drain Gastronok. You punch Gastronok.
Gastronok is moderately wounded.
Gastronok bites you!!
You emit a cloud of foul miasma!
You hit Gastronok. You drain Gastronok.
Gastronok is moderately wounded.
You hear the quick creaking of a very distant portcullis.
You slash Gastronok!
Gastronok is heavily wounded.
Gastronok is engulfed in dark miasma.
Gastronok is poisoned.
Gastronok bites you!!
You die...
Gastronok gurgles, "Time to dig in!"

......... .".......
.......$. #.
........### ##..
........##....
............
#.w........
#h....$...
##.........
#..........
##.........
#......... ##
#......... #.###
##..........
#...#####...........
###....##............


You could see Gastronok (poisoned, drained).

Vanquished Creatures
  Pikel (D:7)
  An ugly thing (D:8)
  Joseph (D:7)
  A wyvern (D:8)
  A shadow (D:7)
  The ghost of erker the Digger, an amateur GnEE of Cheibriados (D:4)
  2 water moccasins
  An orc warrior (D:7)
  An ice beast (D:5)
  3 black bears
  An ogre (D:7)
  A centaur (D:7)
  3 lemures (D:7)
  2 phantoms
  A bullfrog (D:7)
  A kobold brigand (Sewer)
  Blork the orc (D:6)
  3 scorpions
  7 wights
  2 jellies
  A howler monkey (D:6)
  2 bombardier beetles
  3 hounds
  2 gnoll boudas (D:5)
  Crazy Yiuf (D:6)
  An orc priest (D:4)
  Jessica (D:2)
  4 iguanas
  2 sleepcaps
  3 orc wizards
  7 gnolls (D:5)
  10 adders
  2 dart slugs
  3 ribbon worms
  19 orcs
  6 endoplasms
  2 giant cockroaches
  9 goblins
  7 hobgoblins
  3 jackals
  6 quokkas
  5 ball pythons
  A bat (D:2)
  2 frilled lizards
  5 kobolds
  9 rats
151 creatures vanquished.

Notes
Turn   | Place    | Note
-------+----------+-------------------------------------------
     0 | D:1      | Amaterasu the Demonspawn Shapeshifter began the quest for
                  | the Orb.
     0 | D:1      | Reached XP level 1. HP: 15/15 MP: 1/1
   182 | D:1      | Reached skill level 1 in Short Blades
   385 | D:2      | Gained mutation: You may rarely emit foul miasma when
                  | damaged in melee. [demonic ancestry]
   385 | D:2      | Reached XP level 2. HP: 21/21 MP: 2/2
   641 | D:2      | Noticed Jessica
   648 | D:2      | Killed Jessica
   649 | D:2      | Reached XP level 3. HP: 12/26 MP: 3/3
   902 | D:2      | Found a hide-covered altar of Uskayaw.
  1216 | D:2      | Gained mutation: You sometimes gain a little power by
                  | taking damage. [demonic ancestry]
  1216 | D:2      | Reached XP level 4. HP: 23/32 MP: 4/4
  1705 | D:3      | Found a transporter.
  1705 | D:3      | Noticed shadizar's ghost (amateur DjFE)
  1712 | D:3      | Found a faded altar of an unknown god.
  1939 | D:3      | Found an ornate altar of the Wu Jian Council.
  1962 | D:3      | Identified the +11 hand axe of Kexourof {drain, rC+ rN+}
  2128 | D:3      | Found a transporter.
  2146 | D:3      | Reached skill level 1 in Axes
  2146 | D:3      | Reached XP level 5. HP: 33/38 MP: 5/5
  2264 | D:3      | Noticed a black bear
  2270 | D:3      | Killed a black bear
  2523 | D:4      | Noticed a phantom
  2529 | D:4      | Killed a phantom
  2530 | D:4      | Gained mutation: You have a pair of small antennae on your
                  | head. [demonic ancestry]
  2530 | D:4      | Reached XP level 6. HP: 42/47 MP: 6/6
  2694 | D:4      | Found a glowing drain.
  2705 | Sewer    | Entered a sewer
  3035 | D:4      | Reached XP level 7. HP: 51/53 MP: 7/7
  3288 | D:4      | Found a staircase to the Ecumenical Temple.
  3302 | Temple   | Entered the Ecumenical Temple
  3313 | Temple   | Became a worshipper of Makhleb the Destroyer
  3493 | D:4      | Found a runed translucent door.
  3495 | D:4      | Noticed erker's ghost (amateur GnEE)
  3505 | D:4      | Killed erker's ghost
  3506 | D:4      | Reached skill level 5 in Axes
  3748 | D:5      | Entered Level 5 of the Dungeon
  3989 | D:5      | Gained mutation: You have a pair of antennae on your head.
                  | [demonic ancestry]
  3989 | D:5      | Reached XP level 8. HP: 49/61 MP: 8/8
  4298 | D:5      | Reached skill level 5 in Fighting
  4627 | D:6      | Found a runed translucent door.
  4628 | D:6      | Noticed Crazy Yiuf
  4633 | D:6      | Killed Crazy Yiuf
  4634 | D:6      | Reached skill level 1 in Armour
  4801 | D:6      | Found a hide-covered altar of Uskayaw.
  4803 | D:6      | Found an ancient bone altar of Kikubaaqudgha.
  4838 | D:6      | Noticed Blork the orc
  4844 | D:6      | Killed Blork the orc
  4955 | D:6      | Reached * piety under Makhleb
  5326 | D:7      | Noticed shugdite's ghost (novice MiBe)
  5330 | D:7      | Found a transporter.
  5344 | D:7      | Gained mutation: You sometimes emit foul miasma when
                  | damaged in melee. [demonic ancestry]
  5344 | D:7      | Reached XP level 9. HP: 48/68 MP: 9/9
  5350 | D:7      | Noticed a troll
  5471 | D:7      | Found a transporter.
  5480 | D:7      | Noticed a moth of wrath
  5494 | D:7      | Found a bloodstained altar of Trog.
  5498 | D:7      | Noticed Pikel
  5542 | D:7      | Killed Pikel
  5543 | D:7      | Reached skill level 5 in Shapeshifting
  5650 | D:7      | Noticed Joseph
  5666 | D:7      | Killed Joseph
  6483 | D:8      | Found Fericic's Distillery.
  6666 | D:8      | Noticed a brown ugly thing
  6676 | D:8      | Killed a brown ugly thing
  6677 | D:8      | Reached XP level 10. HP: 23/76 MP: 10/10
  6930 | D:8      | Noticed Gastronok
  6943 | D:8      | Slain by Gastronok

Illustrated notes

Levels and vault maps discovered:
D:1:      wander_arrival_fairy_ring, layout_rooms
D:2:      layout_basic, basic_altar, uniq_jessica
D:3:      layout_loops_ring, nicolae_wu_jian_wuxing_cycle,
          basic_ecumenical_altar, gammafunk_ghost_arena, wad_rectangle_vault
D:4:      kennysheep_the_goblin_king, layout_loops_ring,
          minmay_temple_entry_drinking_statues, gup_sewer_entry_bubbles,
          ebering_ghost_reflecting_pool
D:5:      layout_loops_cross, minmay_misc_feat_ornament
D:6:      layout_basic, mainiacjoe_overflow_catwalk_spiral, uniq_blork_the_orc,
          uniq_crazy_yiuf_cottage
D:7:      layout_basic, gammafunk_ghost_wrathful_warriors, uniq_joseph,
          uniq_pikel
D:8:      layout_cave_pods, serial_column_ruins, column_ruins_open_tiny,
          column_ruins_columns_straight, column_ruins_grid_3,
          column_ruins_corridor_plus, serial_shops, shop, enter_bailey_2,
          minmay_stone_trees_small, uniq_gastronok, uniq_jeremiah,
          uniq_prince_ribbit1
Temple:   hellmonk_temple_of_storms

Skill      XL: |  1  2  3  4  5  6  7  8  9 |
---------------+----------------------------+-----
Short Blades   | 1 2 |  2.8
Shapeshifting  | 3 4 7 |  7.0
Axes           | 1 2 3 5 6 7 |  7.7
Fighting       | 3 4 5 |  5.9
Armour         | 4 |  4.0
Dodging        | 3 4 |  4.0
Unarmed Combat | |  2.9

Action                     |  1- 3 |  4- 6 |  7- 9 | 10-12 || total
---------------------------+-------+-------+-------+-------++-------
  Melee: Dagger            |    65 |    68 |       |       ||   133
         Unarmed           |     3 |       |       |       ||     3
         Punch             |     2 |     4 |     7 |     1 ||    14
         Hand axe          |       |    74 |   195 |    25 ||   294
  Evoke: Wand              |       |       |     1 |       ||     1
    Use: Scroll            |     3 |     6 |     4 |       ||    13
         Potion            |     1 |       |       |       ||     1
   Stab: Sleeping          |     1 |       |       |       ||     1
 Armour: Animal skin       |    22 |       |       |       ||    22
         Skin              |     3 |       |       |       ||     3
         Ring mail         |     5 |    75 |    17 |       ||    97
         Chain mail        |       |       |   118 |    14 ||   132
  Dodge: Dodged            |    29 |    53 |    63 |     7 ||   152
